Map: Oxide LE

Players

MaxPax

  • Race: Protoss Protoss
  • League: Grandmaster

AGOElazer (Elazer) - Winner!

  • Race: Zerg Zerg
  • League: Grandmaster

Event: DreamHack SC2 Masters 2021 Summer

VOD

Have the link to the VOD?

Description

Time

  • Played on: June 4, 2021, 10:18 a.m.
  • Length: 12:45

All games in this series

Show
View Real Time Build Order
Export as new Build Order

MaxPax Protoss 

Build Orders: 1 Gate Expand, Mass Adepts 

Get SALT Encoding   

  12  0:00  Probe  
  13  0:12  Probe  
  14  0:19  Pylon  
  14  0:24  Probe  
  15  0:37  Probe (Chrono Boost)  
  15  0:39  Gateway  
  16  0:48  Probe (Chrono Boost)  
  16  0:49  Assimilator  
  17  0:53  Probe (Chrono Boost)  
  18  1:03  Probe  
  19  1:15  Probe  
  20  1:27  Nexus  
  20  1:37  Cybernetics Core  
  20  1:38  Probe  
  21  1:45  Assimilator  
  21  1:50  Probe  
  21  1:54  Pylon  
  22  2:02  Probe  
  23  2:11  Stalker (Chrono Boost)  
  23  2:14  Probe, Warp Gate  
  26  2:27  Probe  
  26  2:28  Twilight Council  
  27  2:33  Adept  
  29  2:39  Probe x2  
  31  2:51  Probe  
  32  2:54  Robotics Facility  
  32  2:59  Gateway  
  32  3:05  Gateway  
  32  3:10  Gateway  
  32  3:14  Probe, Resonating Glaives (Chrono Boost)  
  32  3:16  Probe  
  34  3:26  Probe  
  35  3:31  Warp Prism  
  35  3:33  Probe  
  36  3:34  Adept  
  38  3:42  Pylon  
  38  3:44  Probe  
  38  3:46  Probe  
  42  3:55  Pylon  
  42  4:02  Adept  
  42  4:03  Adept  
  42  4:05  Adept  
  48  4:12  Adept  
  48  4:16  Probe  
  48  4:17  Probe, Pylon  
  52  4:24  Adept x2  
  54  4:30  Shield Battery  
  54  4:31  Probe  
  58  4:32  Adept x2  
  62  4:40  Pylon  
  62  4:41  Pylon  
  59  4:50  Adept x2  
  63  4:55  Adept x2  
  67  5:01  Probe  
  57  5:14  Adept x2  
  57  5:15  Adept x2  
  57  5:16  Probe  
  57  5:18  Assimilator  
  57  5:19  Assimilator  
  57  5:20  Probe  
  63  5:28  Probe  
  63  5:35  Adept x2  
  68  5:38  Probe  
  68  5:40  Adept x2  
  68  5:42  Probe  
  70  5:50  Probe  
  71  5:57  Probe  
  72  6:06  Probe  
  72  6:09  Robotics Bay  
  72  6:10  Adept x2  
  77  6:12  Pylon  
  77  6:16  Probe  
  78  6:27  Pylon  
  78  6:31  Probe  
  79  6:36  Probe  
  79  6:39  Observer (Chrono Boost)  
  81  6:40  Pylon  
  81  6:44  Probe, Nexus  
  81  6:45  Pylon  
  82  6:48  Probe  
  82  6:49  Adept x4  
  91  6:56  Probe  
  91  7:00  Probe  
  85  7:12  Adept x4  
  78  7:19  Probe  
  78  7:22  Disruptor (Chrono Boost)  
  71  7:26  Probe  
  66  7:32  Adept x4  
  66  7:33  Probe  
  66  7:34  Pylon  
  66  7:36  Gravitic Drive  
  71  7:40  Pylon  
  71  7:45  Observer, Disruptor (Chrono Boost)  
  74  7:52  Observer  
  74  7:57  Blink (Chrono Boost), Adept x4  
  79  8:01  Probe x2  
  79  8:05  Forge  
  81  8:13  Probe  
  81  8:18  Stalker x4  
  90  8:25  Pylon  
  90  8:27  Nexus  
  90  8:29  Probe  
  90  8:34  Colossus (Chrono Boost)  
  97  8:45  Shield Battery  
  97  8:47  Protoss Ground Weapons Level 1  
  96  9:11  Gateway, Sentry x2  
  96  9:12  Probe x2, Gateway  
  96  9:13  Colossus (Chrono Boost)  
  96  9:16  Sentry  
  110  9:33  Shield Battery  
  110  9:35  Extended Thermal Lance  
  110  9:40  Photon Cannon, Stalker x2  
  114  9:46  Stalker  
  116  10:01  Gateway  
  116  10:03  Gateway  
  116  10:04  Colossus (Chrono Boost)  
  120  10:14  Probe x3  
  123  10:26  Probe  
  123  10:27  Probe  
  123  10:28  Assimilator  
  126  10:29  Assimilator  
  125  10:37  Nexus  
  125  10:40  Stargate  
  125  10:43  Stargate  
  125  10:45  Shield Battery  
  125  10:54  Pylon  
  125  10:57  Shield Battery  
  125  10:58  Pylon  
  125  11:01  Stalker x2  
  129  11:08  Stalker x2  
  133  11:13  Photon Cannon  
  123  11:34  Void Ray x2 (Chrono Boost)  
  123  11:39  Photon Cannon  
  123  11:42  Shield Battery  
  123  11:44  Photon Cannon  
  131  11:47  Photon Cannon  
  131  11:52  Stalker  
  131  11:53  Pylon, Stalker  
  98  12:21  Stalker x5  
Show
View Real Time Build Order
Export as new Build Order

AGOElazer Zerg - Winner!

Build Orders: Hatch First 

Get SALT Encoding   

  12  0:00  Drone  
  13  0:12  Overlord  
  13  0:16  Drone  
  14  0:30  Drone x2  
  16  0:42  Drone  
  17  0:51  Hatchery  
  17  0:54  Drone  
  17  0:58  Drone  
  18  1:08  Extractor  
  17  1:12  Spawning Pool  
  17  1:15  Drone  
  17  1:19  Drone  
  18  1:28  Drone  
  19  1:41  Drone  
  20  1:51  Overlord  
  20  1:59  Queen  
  22  2:03  Drone, Queen  
  22  2:04  Zergling x2  
  26  2:13  Metabolic Boost, Zergling x2  
  26  2:15  Drone  
  28  2:22  Drone  
  29  2:25  Drone  
  30  2:32  Drone  
  30  2:36  Drone  
  32  2:42  Hatchery  
  31  2:48  Queen  
  33  2:54  Overlord  
  33  2:56  Drone  
  34  3:01  Queen  
  36  3:08  Overlord  
  36  3:12  Drone x3  
  39  3:13  Drone  
  39  3:15  Drone  
  39  3:17  Drone  
  39  3:18  Drone  
  43  3:21  Drone  
  44  3:27  Queen  
  44  3:29  Drone  
  44  3:32  Spore Crawler  
  46  3:36  Drone  
  46  3:38  Drone  
  48  3:41  Zergling x4  
  48  3:43  Zergling x2  
  48  3:45  Overlord  
  51  3:50  Drone  
  51  3:54  Drone x3  
  55  3:59  Roach Warren  
  55  4:01  Overlord  
  54  4:08  Overlord  
  54  4:09  Zergling x8  
  58  4:14  Queen  
  60  4:19  Zergling x4  
  60  4:20  Zergling x4  
  64  4:26  Zergling x2  
  64  4:27  Zergling x4  
  66  4:31  Spore Crawler  
  66  4:32  Zergling x2  
  66  4:42  Roach x6  
  77  4:50  Zergling x12  
  80  4:57  Zergling x2  
  80  4:58  Zergling x2  
  81  5:03  Evolution Chamber  
  81  5:04  Overlord  
  80  5:10  Overlord  
  75  5:14  Drone x6  
  75  5:15  Drone  
  82  5:26  Extractor  
  82  5:27  Overlord  
  82  5:28  Zergling x12  
  86  5:37  Zergling x4, Roach  
  89  5:43  Ravager  
  89  5:45  Extractor, Overlord  
  89  5:49  Drone x2  
  91  5:54  Drone  
  88  6:01  Overlord  
  86  6:05  Drone x3  
  86  6:06  Lair  
  89  6:11  Overlord  
  89  6:13  Burrow  
  89  6:14  Hatchery  
  88  6:20  Roach  
  88  6:22  Zergling x2  
  88  6:23  Zergling x8  
  92  6:32  Roach x3  
  98  6:38  Roach  
  98  6:39  Overlord  
  100  6:42  Extractor  
  100  6:43  Overlord  
  100  6:45  Roach  
  101  6:48  Zergling x2  
  101  6:49  Zergling x6  
  104  6:55  Roach x3  
  109  7:06  Roach x5  
  112  7:08  Zergling x4  
  112  7:15  Zergling x6  
  106  7:26  Zergling x6  
  106  7:28  Overlord  
  102  7:30  Overseer  
  102  7:31  Drone x5  
  102  7:32  Drone x2  
  102  7:35  Drone x2  
  111  7:43  Zergling x6  
  113  7:45  Overlord  
  113  7:51  Drone x2, Overlord  
  119  7:58  Drone x4, Overseer  
  119  8:03  Extractor  
  119  8:04  Overlord  
  118  8:14  Overlord  
  118  8:19  Infestation Pit  
  117  8:20  Drone x5  
  117  8:21  Drone, Extractor  
  117  8:23  Drone x5  
  117  8:25  Drone x4  
  131  8:28  Evolution Chamber  
  131  8:30  Drone  
  131  8:31  Glial Reconstitution, Baneling Nest  
  131  8:34  Drone  
  131  8:39  Drone x4  
  135  8:48  Roach x2  
  135  8:49  Roach x3  
  135  8:51  Overlord  
  135  8:55  Drone x2, Overlord  
  145  8:56  Drone  
  145  9:01  Drone  
  145  9:02  Drone x2  
  149  9:05  Drone x4  
  149  9:08  Drone x3  
  151  9:11  Zerg Missile Weapons Level 1  
  151  9:17  Overlord, Hive  
  151  9:19  Centrifical Hooks  
  151  9:23  Drone x2  
  153  9:26  Ravager x2  
  153  9:29  Queen  
  153  9:30  Queen  
  157  9:36  Pneumatized Carapace  
  157  9:38  Hatchery  
  156  9:47  Zergling x22  
  156  9:53  Roach x4  
  156  9:56  Overlord  
  164  10:01  Zergling x12  
  170  10:10  Zergling x18  
  178  10:16  Zergling x10  
  180  10:27  Zergling x2  
  180  10:28  Zergling x6  
  184  10:32  Viper x2  
  190  10:37  Baneling x17  
  190  10:40  Drone x3  
  190  10:41  Extractor x2  
  190  10:42  Drone x2  
  193  10:43  Drone x3  
  193  10:45  Drone  
  193  10:48  Adrenal Glands  
  197  10:52  Evolution Chamber  
  197  10:57  Zergling x6  
  197  11:03  Overlord  
  199  11:05  Baneling x16  
  199  11:08  Spore Crawler  
  199  11:09  Spine Crawler  
  199  11:10  Spine Crawler  
  196  11:14  Zergling x6  
  191  11:36  Baneling x2  
  191  11:37  Baneling x14  
  191  11:39  Zergling x8  
  200  11:40  Zergling x12  
  198  12:08  Zergling x22  
  192  12:14  Zergling x14  
  191  12:19  Roach x2  
  191  12:20  Roach x8  
  190  12:24  Zergling x14  
  190  12:25  Zergling x4, Hydralisk Den  
Tags
 
Add a new tag
Caveats
  • Supply blocks, unpowered buildings, or Contaminate may cause inaccurate times.
  • Supply counts are checked every 10 seconds.